 Dungeon Crawl Stone Soup version 0.26.1-11-gd32895ea62 (webtiles) character file.

Game seed: 10413941401025789360

63 Blebati the Skirmisher (level 4, -1/37 HPs)
             Began as a Human Wanderer on June 2, 2021.
             Succumbed to Terence's poison
             ... on level 2 of the Dungeon on June 5, 2021.
             The game lasted 00:19:28 (2382 turns).

Blebati the Skirmisher (Human Wanderer)             Turns: 2382, Time: 00:19:29

Health: -1/37      AC:  5    Str:  9    XL:     4   Next: 30%
Magic:  4/4        EV: 15    Int: 15    God:
Gold:   66         SH:  0    Dex: 14    Spells: 3/3 levels left

rFire    . . .     SeeInvis .   a - +3 falchion
rCold    . . .     Faith    .   (no shield)
rNeg     . . .     Spirit   .   h - +1 leather armour
rPois    .         Reflect  .   (no helmet)
rElec    .         Harm     .   (no cloak)
rCorr    .         Rampage  .   c - +0 pair of gloves
Will     .....                  (no boots)
Stlth    ++........             (no amulet)
HPRegen  0.12/turn              g - +4 ring of evasion
MPRegen  0.09/turn              (no ring)

@: lethally poisoned (-1 -> -36)
A: no striking features
a: no special abilities


You were on level 2 of the Dungeon.
You visited 1 branch of the dungeon, and saw 2 of its levels.

You collected 66 gold pieces.

Inventory:

Hand Weapons
 a - a +3 falchion (weapon)
 b - a +0 short sword
 e - a +0 dagger
 f - a +0 hunting sling
 p - a +0 spear
Missiles
 k - 14 stones (quivered)
 o - 55 sling bullets
Armour
 c - a +0 pair of gloves (worn)
 d - a +0 robe
 h - a +1 leather armour (worn)
 l - a cursed +0 chain mail
Jewellery
 g - a +4 ring of evasion (left hand)
Potions
 j - a potion of heal wounds {unknown}
 n - a potion of attraction {unknown}


   Skills:
 + Level 3.7 Fighting
 - Level 1.0 Long Blades
 - Level 1.0 Dodging
 - Level 3.0 Stealth
 - Level 0.5 Unarmed Combat
 - Level 3.0 Necromancy
 - Level 1.0 Evocations


You had 3 spell levels left.
You didn't know any spells.
Your spell library was empty.

Dungeon Overview and Level Annotations

Branches:
Dungeon (2/15)

Altars:

Annotations:
D:2 Terence


Message History

You feel very sick. Terence hits you but does no damage.
You are more poisoned.
Terence misses you.
As you read the scroll of teleportation, it crumbles to dust.
You feel strangely unstable.
* * * LOW HITPOINT WARNING * * *
You feel sick. Terence hits you but does no damage.
You completely miss Terence.
Terence is moderately wounded.
* * * LOW HITPOINT WARNING * * *
You feel sick.
Terence hits you with a +1 hand axe of venom.
* * * LOW HITPOINT WARNING * * *
You are more poisoned.
Your surroundings suddenly seem different.
* * * LOW HITPOINT WARNING * * *
You feel very sick.
A leopard gecko comes into view.
You die... lPl..

#. ...P #. ####P.### #.
........############ #.
#.#..........# #†
#.#.########.# #. #l#.#...#
#.####. #.#...#.# #.#....
#@#####.# #.#.### #......l#
#.# ############.#.###
#............#....
.#########.################
.....§§§§§.# ############


You could see a leopard gecko (wandering) and a frilled lizard (wandering).

Vanquished Creatures
  2 adders (D:2)
  3 dart slugs
  A leopard gecko (D:1)
  3 bats
  4 giant cockroaches
  3 hobgoblins
  2 jackals (D:2)
  3 frilled lizards
  5 goblins
  7 kobolds
  4 rats
37 creatures vanquished.

Vanquished Creatures (others)
  11 plants (D:2)
11 creatures vanquished.

Grand Total: 48 creatures vanquished

Notes
Turn   | Place    | Note
-------+----------+-------------------------------------------
     0 | D:1      | Blebati the Human Wanderer began the quest for the Orb.
     0 | D:1      | Blebati set off with the following items: a +2 falchion, a
                  | +0 short sword, a potion of curing, a +0 robe, a +0 dagger
     0 | D:1      | Reached XP level 1. HP: 15/15 MP: 1/1
   301 | D:1      | Reached XP level 2. HP: 21/21 MP: 2/2
  1161 | D:1      | Reached XP level 3. HP: 28/28 MP: 3/3
  1828 | D:2      | Noticed Terence
  2212 | D:2      | Reached XP level 4. HP: 27/35 MP: 4/4
  2381 | D:2      | HP: 1/37 [poisoned by Terence]
  2382 | D:2      | Succumbed to Terence's poison

Illustrated notes

Levels and vault maps discovered:
D:1:      lordsloth_arrival_two_stooges, layout_basic
D:2:      layout_basic, minmay_lizard_king, uniq_terence

Skill      XL: |  1  2  3 |
---------------+----------+-----
Fighting       | 2 3 |  3.7
Long Blades    | |  1.0
Dodging        | |  1.0
Stealth        | |  3.0
Unarmed Combat | |  0.5
Necromancy     | |  3.0
Evocations     | |  1.0

Action                   |  1- 3 |  4- 6 || total
-------------------------+-------+-------++-------
Melee: Falchion          |   116 |    21 ||   137
  Use: Scroll            |     7 |     1 ||     8
       Potion            |     4 |       ||     4
 Stab: Sleeping          |     4 |       ||     4
Armor: Robe              |    12 |       ||    12
       Leather armour    |    12 |     6 ||    18
Dodge: Dodged            |    82 |    17 ||    99
       Rpst.: Falchion   |    23 |     7 ||    30
